 Dungeon Crawl Stone Soup version 0.29-a0-659-g28b9d68c38 (webtiles) character file.

Game seed: 8706376296808858104

10 Fv001 the Slasher (level 2, 22/24 HPs)
             Began as a Formicid Cinder Acolyte on Sept 3, 2021.
             Was a High Priest of Ignis.
             Quit the game on level 1 of the Dungeon on June 22, 2022.
             The game lasted 00:03:32 (755 turns).

Fv001 the Slasher (Formicid Cinder Acolyte)          Turns: 755, Time: 00:03:32

Health: 22/24      AC:  3    Str: 18    XL:     2   Next: 30%
Magic:  3/3        EV: 11    Int: 13    God:    Ignis [*****.]
Gold:   0          SH:  7    Dex:  6    Spells: 3/3 levels left

rFire   + . .      SeeInvis +   a - -1 falchion (flame)
rCold   . . .      Faith    .   d - +0 buckler
rNeg    . . .      Spirit   .   b - +0 robe
rPois   .          Reflect  +   (helmet unavailable)
rElec   .          Harm     .   (no cloak)
rCorr   .          Rampage  .   f - +0 pair of gloves
Will    .....                   (no boots)
Stlth   +.........              e - amulet of reflection
HPRegen 0.08/turn               (no ring)
MPRegen 0.08/turn               (no ring)

@: no status effects
A: permanent stasis, dig shafts and tunnels, antennae 3, four strong arms
a: Dig, Shaft Self, Renounce Religion, Fiery Armour, Foxfire Swarm, Rising Flame


You were on level 1 of the Dungeon.
You worshipped Ignis.
Ignis was extremely pleased with you.
You visited 1 branch of the dungeon, and saw 1 of its levels.

Inventory:

Hand Weapons
 a - a -1 falchion of flaming (weapon)
Armour
 b - a +0 robe (worn)
 d - a +0 buckler (worn)
 f - a +0 pair of gloves (worn)
Jewellery
 e - an amulet of reflection (around neck)
Scrolls
 g - a scroll of blinking {unknown}
 i - a scroll of acquirement {unknown}
 j - a scroll of silence {unknown}
 k - a scroll of identify {unknown}
Potions
 c - a potion of haste {unknown}
 h - a potion of flight {unknown}


   Skills:
 + Level 3.3 Fighting
 + Level 3.5 Long Blades
 + Level 1.1 Spellcasting
 + Level 3.0 Fire Magic


You had 3 spell levels left.
You didn't know any spells.
Your spell library contained the following spells:

 Spells                   Type           Power      Damage    Failure   Level
 Scorch                   Fire           16%        2d6       16%         2


Dungeon Overview and Level Annotations

Branches:
Dungeon (1/15)

Altars:


Innate Abilities, Weirdness & Mutations

You cannot be hasted, slowed, berserked, paralysed or teleported.
You can dig through walls and to a lower floor.
You have a pair of large antennae on your head. (SInv)
Your four strong arms can wield two-handed weapons with a shield.


Message History

You barely miss the bat. You block the bat's attack.
You barely miss the bat. You block the bat's attack.
The bat hits you but does no damage.
You hit the bat. You burn the bat.
You kill the bat!
As you open the door, it creaks loudly!
There is an open door here.
Found a dagger.
Found a faded altar of an unknown god.
k - a scroll labelled UZEILUCHO BAEC You open the door.
Found 32 bolts.
There is an open door here.
A frilled lizard comes into view.
You see here 32 bolts.
The frilled lizard bites you.
You closely miss the frilled lizard. The frilled lizard bites you.
You closely miss the frilled lizard. The frilled lizard barely misses you.
You closely miss the frilled lizard. You block the frilled lizard's attack.
You closely miss the frilled lizard. The frilled lizard closely misses you.
You miss the frilled lizard.
You block the frilled lizard's attack. x2
You barely miss the frilled lizard.
The frilled lizard bites you but does no damage.
You barely miss the frilled lizard. You block the frilled lizard's attack.
You closely miss the frilled lizard.
The frilled lizard bites you but does no damage.
You hit the frilled lizard. You burn the frilled lizard.
You kill the frilled lizard!
There is a faded altar of an unknown god here.
You see here a +0 dagger.
Saving game... please wait.
Welcome back, Fv001 the Formicid Cinder Acolyte.
The flames of Ignis gently warm you.
Press ? for a list of commands and other information.
Welcome back, Fv001 the Formicid Cinder Acolyte.
The flames of Ignis gently warm you.
Press ? for a list of commands and other information.
You don't know any spells.
Okay, then.
Unknown command.
Are you sure you want to abandon this character and quit the game? (Confirm with "yes".)

# {.. #. #. #####.#####
#. ..........####.#
#..@....##.#
#.._....##.##### ##
#####.......##...... ..
................... ..
#######.####....########
........(..'....'.......
#######.####....########
#.# #....# #.# #....#


There were no monsters in sight!

Vanquished Creatures
  3 goblins (D:1)
  A hobgoblin (D:1)
  A ball python (D:1)
  A bat (D:1)
  2 frilled lizards (D:1)
  3 rats (D:1)
11 creatures vanquished.

Notes
Turn   | Place    | Note
-------+----------+-------------------------------------------
     0 | D:1      | Fv001 the Formicid Cinder Acolyte began the quest for the
                  | Orb.
     0 | D:1      | Reached XP level 1. HP: 18/18 MP: 2/2
     8 | D:1      | Noticed a minotaur
    14 | D:1      | Noticed a minotaur zombie
    18 | D:1      | Noticed a minotaur skeleton
   272 | D:1      | Reached XP level 2. HP: 8/24 MP: 3/3
   728 | D:1      | Found a faded altar of an unknown god.
   755 | D:1      | Upgraded the game from 0.28-a0-385-g79de503ca0 to
                  | 0.29-a0-284-gf9362112df
   755 | D:1      | Upgraded the game from 0.29-a0-284-gf9362112df to
                  | 0.29-a0-659-g28b9d68c38
   755 | D:1      | Quit the game

Illustrated notes

Levels and vault maps discovered:
D:1:      shiori_arrival_whats_in_store_for_you, layout_basic,
          ebering_ecumenical_altar_sacrificial

Action                   || total
-------------------------++-------
Melee: Falchion          ||    46
Armor: Robe              ||     8
Dodge: Dodged            ||    15
Block: Buckler           ||    18

Table legend: (Time is in decaauts)
 A = Elapsed time spent in this place.
 B = Non-inter-level travel time spent in this place.
 C = Inter-level travel time spent in this place.
 D = Time resting spent in this place.
 E = Time spent auto-exploring this place.
 F = Levels seen in this place.
 G = Mean time per level.
                   A        B        C        D        E       F      G
               +--------+--------+--------+--------+--------+-----+--------+
         Total |    764 |    764 |      0 |      0 |    609 |   1 |  764.0 |
       Dungeon |    764 |    764 |      0 |      0 |    609 |   1 |  764.0 |
               +--------+--------+--------+--------+--------+-----+--------+

Top non-repeatable levels by time:
     D:1: 764 daAuts
